 Dungeon Sprint DCSS version 0.31-a0-879-g1609e0ac53 (webtiles) character file.

Game seed: 16554750082585518366

10 rocky1 the Slasher (level 2, 0/23 HPs)
             Began as a Demonspawn Gladiator on Oct 15, 2023.
             Slain by a water moccasin (6 damage)
             ... in the Dungeon (Sprint II: "The Violet Keep of Menkaure").
             The game lasted 00:00:36 (56 turns).

rocky1 the Slasher (Demonspawn Gladiator)             Turns: 56, Time: 00:00:37

Health: 0/23       AC:  4    Str: 14    XL:     2   Next: 10%
Magic:  2/2        EV: 12    Int:  9    God:
Gold:   243        SH:  0    Dex: 14    Spells: 1/1 levels left

rFire   . . .        a - +0 long sword
rCold   . . .        (no shield)
rNeg    . . .        b - +0 leather armour
rPois   .            c - +0 helmet
rElec   .            (no cloak)
rCorr   .            (no gloves)
SInv    .            (no boots)
Will    .....        (no amulet)
Stlth   +            (no ring)
HPRegen 0.23/turn    (no ring)
MPRegen 0.08/turn

%: no teleportation
@: very slow
A: spiny 1
a: no special abilities


You were in the Dungeon.
You visited 1 branch You collected 243 gold pieces.

Inventory:

Hand Weapons
 a - a +0 long sword (weapon)
Missiles
 d - 2 throwing nets (quivered)
 e - a javelin
Armour
 b - a +0 leather armour (worn)
 c - a +0 helmet (worn)
Scrolls
 k - a scroll of blinking
Potions
 f - a potion of curing
 h - a potion of haste
 i - 2 potions of magic
 j - a potion of berserk rage


   Skills:
 + Level 2.4 Fighting
 + Level 3.6 Long Blades
 + Level 2.1 Throwing
 + Level 3.5 Dodging
 + Level 0.1 Stealth


You had one spell level left.
You didn't know any spells.
Your spell library was empty.

Dungeon Overview and Level Annotations

Branches:
Dungeon (1/1)

Altars:
Cheibriados
Dithmenos
Fedhas
Gozag
Kikubaaqudgha
Makhleb
Sif Muna
Trog
Jiyva
Lugonu


Innate Abilities, Weirdness & Mutations

You are partially covered in sharp spines.


Message History

The worm is almost dead.
The worm bites you!
You hit the worm.
You kill the worm!
You have reached level 2!
Your demonic ancestry asserts itself...
Sharp spines emerge from parts of your body.
d - a throwing net;
d - 2 throwing nets (gained 1)
There is an open door here.
You see here a worm corpse.
There is an open door here.
You see here a worm corpse.
Found 243 gold pieces.
You open the door.
The flying skull gives a hideous shriek! x2
You hear a hideous shriek! x5
You hear a hideous shriek! x2
You now have 243 gold pieces.
The flying skull gives a hideous shriek!
There is an open door here.
You enter the shallow water.
Moving in this stuff is going to be slow.
The flying skull gives a hideous shriek!
You are engulfed in a cloud of scalding steam.
Ouch! That really hurt!
* * * LOW HITPOINT WARNING * * *
Okay, then.
You are engulfed in a cloud of scalding steam.
* * * LOW HITPOINT WARNING * * *
Found a snail-covered altar of Cheibriados.
Found a shadowy altar of Dithmenos.
Found four altars.
A water moccasin comes into view.
Found three altars.
You enter the shallow water.
Moving in this stuff is going to be slow.
Found three altars.
The water moccasin hisses angrily.
The water moccasin bites you.
You die...

.. .#### ## ...# .#
#..## .# #+# .##..# .#
##.##.B.#..# .# +.<.+#
+..### .###
##.##B.$#....###...##▓▓
##†## .##.....§@~~~~~~~
##.#.####§~.§§..S#+#####
#..##.#~~~§~~§..~#....._
##..###~~~~~§~~.~#...._.
~##'##~~~≈≈§~~§~~#..._._
~~~~~~~~~~≈§≈≈§~§#.._._.
+++#+++#~§§≈§≈§≈~#._._._


zzzz ##§≈§###≈§#_._._. .zzzz ##≈≈# §≈# You could see a water moccasin.

Vanquished Creatures
  3 worms (D)
3 creatures vanquished.

Notes
Turn   | Place    | Note
-------+----------+-------------------------------------------
     0 | D        | rocky1 the Demonspawn Gladiator began the quest for the
                  | Orb.
     0 | D        | Reached XP level 1. HP: 16/16 MP: 1/1
     1 | D        | Noticed a boulder beetle
     1 | D        | Noticed a boulder beetle
    28 | D        | Gained mutation: You are partially covered in sharp spines.
                  | [demonic ancestry]
    28 | D        | Reached XP level 2. HP: 14/23 MP: 2/2
    37 | D        | Noticed a flying skull
    37 | D        | Noticed a flying skull
    37 | D        | Noticed a flying skull
    37 | D        | Noticed a flying skull
    37 | D        | Noticed a flying skull
    38 | D        | Noticed a flying skull
    38 | D        | Noticed a flying skull
    38 | D        | Noticed a flying skull
    38 | D        | Noticed a flying skull
    38 | D        | Noticed a flying skull
    41 | D        | Noticed a flying skull
    41 | D        | Noticed a flying skull
    52 | D        | Found a snail-covered altar of Cheibriados.
    53 | D        | Found a shadowy altar of Dithmenos.
    54 | D        | Found an ancient bone altar of Kikubaaqudgha.
    54 | D        | Found a viscous altar of Jiyva.
    54 | D        | Noticed a water moccasin
    55 | D        | Found a blossoming altar of Fedhas.
    55 | D        | Found a corrupted altar of Lugonu.
    55 | D        | Found a shimmering blue altar of Sif Muna.
    56 | D        | Found an opulent altar of Gozag.
    56 | D        | Found a burning altar of Makhleb.
    56 | D        | Found a bloodstained altar of Trog.
    56 | D        | Slain by a water moccasin

Illustrated notes

Levels and vault maps discovered:
D:        the_violet_keep_of_menkaure [sprint2_stairs_cluster_1,
          sprint2_shoproom, sprint2_temple, sprint2_basic_supplies,
          sprint2_obstacle_1, sprint2_obstacle_5, sprint2_obstacle_4,
          sprint2_obstacle_2, sprint2_obstacle_7, sprint2_timed_cluster_1,
          sprint2_smallroom_cluster_1, sprint2_smallroom_final_cluster_1,
          sprint2_transparent_cluster_1, sprint2_second_timed_cluster_1,
          sprint2_sniper_area_1, sprint2_heavy_combat_area_1,
          sprint2_mutation_trap_area_1, sprint2_forest_area_1,
          sprint2_light_combat_area_1, sprint2_behind_water_1,
          sprint2_near_end_vault_1]

Skill      XL: |  1 |
---------------+----+-----
Long Blades    | 3 |  3.6
Throwing       | 2 |  2.1
Dodging        | 3 |  3.5
Fighting       | |  2.4
Stealth        | |  0.1

Action                     || total
---------------------------++-------
  Melee: Long sword        ||    14
         Punch             ||     1
  Throw: Throwing net      ||     3
    Use: Potion            ||     1
   Stab: Held in net/web   ||     1
 Armour: Leather armour    ||     9
  Dodge: Dodged            ||     2

Table legend: (Time is in decaauts)
 A = Elapsed time spent in this place.
 B = Non-inter-level travel time spent in this place.
 C = Inter-level travel time spent in this place.
 D = Time resting spent in this place.
 E = Time spent auto-exploring this place.
 F = Levels seen in this place.
 G = Mean time per level.
                   A        B        C        D        E       F      G
               +--------+--------+--------+--------+--------+-----+--------+
         Total |     64 |     64 |      0 |      0 |      0 |   1 |   64.0 |
       Dungeon |     64 |     64 |      0 |      0 |      0 |   1 |   64.0 |
               +--------+--------+--------+--------+--------+-----+--------+

Top non-repeatable levels by time:
       D: 64 daAuts
